AoeStats
← zamithdaniel

MegaRandom

509023039Analyzed
4v4 RM · 8d ago on Sep 25, 2026· 72m 24s· 8 players
Game mode
Random Map
Map size
Large (8 player)
Population
200
Speed
Normal
Resources
Standard
Victory
Conquest
Starting age
Dark Age
Ending age
Imperial Age
RankedLock teamsTeams togetherTeam positionsShared explorationLock speedFull tech treeHidden civsTurbo modeCheats
Victory
Defeat
🇲🇽 Spanish · Mexico
1019
+31
🇨🇴 Celts · Colombia
967
+14
🇨🇦 Britons · Canada
940
+15
🇳🇿 Armenians · New Zealand
909
+17
🇨🇴 Turks · Colombia
996
-17
🇨🇴 Japanese · Colombia
944
-15
🇨🇴 Huns · Colombia
885
-13
🇨🇴 Magyars · Colombia
876
-13
R.I.P
9:09 Loom
11:34 Feudal Age
17:27 Castle Age
15:19 Double-Bit Axe
15:19 Horse Collar
18:27 Bow Saw
19:24 Wheelbarrow
25:20 Gold Mining
26:56 Stone Mining
28:08 Hand Cart
30:12 Gold Shaft Mining
34:04 Imperial Age
32:54 Fletching
33:05 Padded Archer Armor
32:50 Treadmill Crane
33:31 Ballistics
34:39 Yeomen
34:43 Forging
34:34 Scale Mail Armor
34:02 Crossbowman
34:13 Pikeman
35:37 Conscription
35:11 Halberdier
35:52 Squires
35:40 Arson
36:47 Bodkin Arrow
37:07 Leather Archer Armor
37:28 Iron Casting
37:08 Chain Mail Armor
36:18 Arbalester
36:46 Elite Longbowman
39:31 Bracer
40:02 Ring Archer Armor
40:57 Chemistry
40:54 Warwolf
42:11 Blast Furnace
41:42 Plate Mail Armor
43:22 Fortified Wall
43:19 Siege Engineers
43:10 Murder Holes
45:44 Masonry
61:44 Gambesons
61:19 Man-at-Arms
62:59 Long Swordsman
64:00 Two-Handed Swordsman
64:58 Champion
tonnyverygood
2:31 Loom
2:38 Loom
3:50 Loom
6:24 Loom
10:29 Feudal Age
11:05 Double-Bit Axe
11:03 Horse Collar
17:27 Wheelbarrow
17:27 Scale Barding Armor
22:10 Castle Age
22:49 Bloodlines
23:33 Chain Barding Armor
23:52 Bow Saw
31:13 Heavy Plow
34:45 Hand Cart
36:29 Town Watch
39:48 Imperial Age
38:35 Padded Archer Armor
38:43 Husbandry
40:19 Leather Archer Armor
41:35 Ring Archer Armor
40:49 Cavalier
42:41 Plate Barding Armor
42:41 Conscription
43:56 Forging
43:08 Elite Conquistador
45:33 Paladin
51:53 Iron Casting
55:32 Blast Furnace
64:55 Supremacy
71:02 Gold Mining
72:13 Two-Man Saw
71:06 Stone Mining
Rey Arturo
11:47 Feudal Age
13:44 Double-Bit Axe
22:00 Castle Age
20:03 Man-at-Arms
21:45 Forging
22:44 Gambesons
26:03 Long Swordsman
27:48 Loom
32:01 Iron Casting
31:27 Scale Mail Armor
43:08 Imperial Age
41:19 Wheelbarrow
41:04 Pikeman
43:29 Halberdier
43:40 Two-Handed Swordsman
47:27 Conscription
49:37 Stronghold
50:52 Fletching
52:29 Husbandry
56:11 Champion
58:27 Scale Barding Armor
59:19 Chain Mail Armor
60:05 Elite Woad Raider
61:07 Arson
66:17 Blast Furnace
69:42 Plate Mail Armor
69:33 Chain Barding Armor
68:36 Cavalier
69:47 Bow Saw
Moderate AI
9:23 Loom
12:07 Feudal Age
12:24 Man-at-Arms
13:47 Arson
14:20 Long Swordsman
16:34 Pikeman
20:11 Double-Bit Axe
22:40 Scale Mail Armor
22:52 Forging
31:38 Castle Age
34:10 Fletching
35:38 Town Watch
38:04 Squires
40:51 Bow Saw
45:29 Chain Mail Armor
45:49 Iron Casting
45:18 Two-Handed Swordsman
45:44 Gambesons
45:56 Gold Mining
45:56 Stone Mining
50:28 Wheelbarrow
53:44 Horse Collar
55:58 Iron Casting
62:48 Hand Cart
66:41 Fervor
66:54 Sanctity
69:09 Champion
69:42 Halberdier
72:51 Gold Shaft Mining
andres simijaca
8:06 Loom
12:58 Feudal Age
14:02 Double-Bit Axe
14:05 Horse Collar
15:51 Bloodlines
20:05 Padded Archer Armor
24:02 Wheelbarrow
23:42 Man-at-Arms
27:10 Fletching
29:18 Arson
32:41 Castle Age
30:59 Stone Mining
31:34 Gold Mining
33:46 Heavy Plow
33:19 Crossbowman
33:30 Long Swordsman
33:57 Pikeman
35:36 Corvinian Army
36:05 Bodkin Arrow
37:00 Hand Cart
38:28 Scale Barding Armor
48:32 Imperial Age
50:30 Bracer
50:00 Elite Magyar Huszar
56:07 Halberdier
65:16 Gold Shaft Mining
zamithdaniel
12:08 Feudal Age
13:10 Double-Bit Axe
18:34 Castle Age
19:03 Forging
19:01 Scale Barding Armor
20:15 Husbandry
25:26 Iron Casting
27:52 Loom
28:41 Horse Collar
29:36 Gold Mining
39:15 Imperial Age
38:24 Chain Barding Armor
38:10 Heavy Plow
39:21 Heavy Camel Rider
41:05 Blast Furnace
43:09 Plate Barding Armor
48:12 Cavalier
Dovahkyn
12:40 Feudal Age
13:20 Loom
23:57 Castle Age
22:20 Forging
22:10 Scale Mail Armor
21:53 Horse Collar
22:28 Double-Bit Axe
26:52 Iron Casting
26:32 Chain Mail Armor
32:41 Heavy Plow
32:55 Bow Saw
40:16 Imperial Age
39:50 Wheelbarrow
39:01 Town Watch
41:41 Conscription
43:08 Blast Furnace
43:21 Plate Mail Armor
44:07 Kataparuto
44:04 Arson
44:05 Gambesons
44:21 Squires
44:15 Elite Samurai
edwinsy22
13:29 Feudal Age
14:10 Man-at-Arms
18:44 Bloodlines
27:39 Castle Age
25:42 Horse Collar
25:59 Stone Mining
28:56 Wheelbarrow
28:27 Husbandry
34:15 Marauders
37:18 Gold Mining
38:48 Scale Barding Armor
38:53 Forging
40:45 Double-Bit Axe
45:06 Imperial Age
49:39 Imperial Age
47:28 Bow Saw
50:37 Hand Cart
50:27 Heavy Plow
49:57 Elite Tarkan
52:22 Chain Barding Armor
52:37 Iron Casting
52:57 Atheism
54:46 Gold Shaft Mining
54:48 Plate Barding Armor
65:35 Two-Man Saw
65:37 Blast Furnace
Connection lost

Rejoining the realm…

Still unreachable

The connection could not be restored.

Session expired

The server has moved on; the page needs a fresh start.